 Dungeon Crawl Stone Soup version 0.31.0-12-g77e489cdc1 (webtiles) character file.

Game seed: 5896401549385318924

123 Vkar the Shield-Bearer (level 5, -14/33 HPs)
             Began as a Gargoyle Fighter on Feb 14, 2024.
             Demolished by an ogre
             ... wielding a +0 giant club
              (16 damage)
             ... on level 2 of the Dungeon.
             The game lasted 00:11:16 (1776 turns).

Vkar the Shield-Bearer (Gargoyle Fighter)           Turns: 1776, Time: 00:11:16

Health: -14/33     AC: 12    Str: 22    XL:     5   Next: 7%
Magic:  5/5        EV:  9    Int:  8    God:
Gold:   73         SH:  5    Dex: 13    Spells: 4/4 levels left

rFire   + . .        a - +0 flail
rCold   . . .        c - +0 buckler
rNeg    + . .        o - +1 scale mail of Kupruow {rElec rF+ Dex+4 Stlth-}
rPois   ∞            (no helmet)
rElec   +            (no cloak)
rCorr   .            (no gloves)
SInv    .            (no boots)
Will    .....        (no amulet) Stlth
                     (no ring)
HPRegen 0.25/turn    (no ring)
MPRegen 0.09/turn

%: no passive effects
@: no status effects
A: sickness immunity, AC +4, negative energy resistance 1, electricity
resistance, torment resistance 1, petrification resistance
a: no special abilities


You were on level 2 of the Dungeon.
You visited 1 branch of the dungeon, and saw 3 of its levels.

You collected 73 gold pieces.

Inventory:

Hand Weapons
 a - a +0 flail (weapon)
Missiles
 f - 5 poisoned darts (quivered)
 k - 3 javelins
Armour
 b - a +0 scale mail
 c - a +0 buckler (worn)
 o - the +1 scale mail of Kupruow (worn) {rElec rF+ Dex+4 Stlth-}
   (You found it on level 2 of the Dungeon)

   Dex+4:     It affects your dexterity (+4).
   rF+:       It protects you from fire.
   rElec:     It insulates you from electricity.
   Stlth-:    It makes you less stealthy.
Scrolls
 g - 2 scrolls of revelation {unknown}
 h - 4 scrolls of identify {unknown}
 j - a scroll of enchant weapon {unknown}
 l - a scroll of poison {unknown}
 m - a scroll of vulnerability {unknown}
Potions
 d - a potion of might
 e - a potion of cancellation {unknown}
 i - a potion of brilliance {unknown}
 n - a potion of enlightenment {unknown}


   Skills:
 + Level 3.9 Fighting
 + Level 3.3 Maces & Flails
 + Level 4.0 Armour
 + Level 4.3 Shields


You had 4 spell levels left.
You didn't know any spells.
Your spell library contained the following spells:

 Spells                   Type           Power      Damage    Failure   Level
 Tukima's Dance           Hex            0%         N/A       99%         3
 Animate Dead             Necr           0%         N/A       100%        4
 Passage of Golubria      Tloc           0%         N/A       100%        4
 Borgnjor's Vile Clutch   Necr/Erth      0%         N/A       100%        5
 Yara's Violent Unravell  Hex/Alch       0%         3d3       100%        5
 Death Channel            Necr           0%         N/A       100%        6


Dungeon Overview and Level Annotations

Branches:
Dungeon (3/15)

Altars:
Qazlal

Annotations:
D:2 exclusion: downstairs
D:3 Grinder, Natasha, Sigmund


Innate Abilities, Weirdness & Mutations

You are immune to sickness and miasma.
Your stone body is resilient. (AC +4)
You are immune to poison.
You resist negative energy. (rN+)
You are resistant to electric shocks. (rElec)
You are resistant to unholy torment.
You are immune to petrification.


Message History

A stone staircase leading down.
Placed new exclusion.
Reduced exclusion size to a single square.
Things that are here:
a +0 spear; a +0 animal skin; a +0 helmet
There is a stone staircase leading down here.
You now have 73 gold pieces (gained 4).
Things that are here:
a +0 dagger; a goblin corpse Search for what [Enter for "."]? .
There is a stone staircase leading down here.
There is a stone staircase leading down here.
You climb downwards.
Level annotation: Grinder, Natasha, Sigmund The goblin shouts!
There is a stone staircase leading up here.
You hit the goblin.
The goblin is moderately wounded.
The goblin hits you with a +0 club. The goblin hits you but does no damage.
You sock the goblin!
You kill the goblin!
There is a stone staircase leading up here.
You can't go down here!
You block the ogre's attack.
You climb upwards.
Level annotation: exclusion: downstairs
There is a stone staircase leading down here.
You closely miss the ogre. You hit the ogre.
The ogre is lightly wounded.
The ogre closely misses you.
You hit the ogre.
The ogre is moderately wounded.
The ogre hits you with a +0 giant club!!
Ouch! That really hurt!
* * * LOW HITPOINT WARNING * * *
You barely miss the ogre.
The ogre is moderately wounded.
The ogre hits you with a +0 giant club!
You die...

#..#####.#.....................#
......##.#.....................##
##....................#........##
##.##....#......######...........
.......<........######.........##
##.#..#.........................#
#.##.........#..######.........#
##..............###......#..._...
#..###....#.#...@O...#####.......
..#####.....#...###...## #.......
.## #.....#...#.###>#..###.......
.####...#..#........)............
....)..###....####.#####.#.......
.##.#########...##.### #.........
.##.# ##.....#.##...####........
.##.# #).###.#..###...####......
....####>## #.##.# ###.#####.....


You could see an ogre.

Vanquished Creatures
  A hound (D:1)
  Robin (D:2)
  2 adders
  A dart slug (D:1)
  A ribbon worm (D:3)
  4 ball pythons
  8 endoplasms
  A giant cockroach (D:2)
  9 goblins
  7 hobgoblins
  3 jackals (D:3)
  4 kobolds
  3 quokkas
  3 bats (D:1)
  2 frilled lizards
  5 rats
55 creatures vanquished.

Notes
Turn   | Place    | Note
-------+----------+-------------------------------------------
     0 | D:1      | Vkar the Gargoyle Fighter began the quest for the Orb.
     0 | D:1      | Reached XP level 1. HP: 14/14 MP: 1/1
    25 | D:1      | You fall into a shaft and drop 1 floor!
    87 | D:2      | Reached XP level 2. HP: 19/19 MP: 2/2
   359 | D:1      | Reached XP level 3. HP: 14/24 MP: 3/3
   987 | D:1      | Reached XP level 4. HP: 14/29 MP: 4/4
  1207 | D:2      | Found a stormy altar of Qazlal.
  1241 | D:2      | Identified the +1 scale mail of Kupruow {rElec rF+ Dex+4
                  | Stlth-}
  1313 | D:2      | Found a faded altar of an unknown god.
  1615 | D:3      | Noticed Grinder
  1721 | D:3      | Noticed an ogre
  1741 | D:3      | Noticed Sigmund
  1741 | D:3      | Noticed Robin
  1741 | D:3      | Noticed Natasha
  1748 | D:2      | Killed Robin
  1749 | D:2      | Reached XP level 5. HP: 33/33 MP: 5/5
  1776 | D:2      | Demolished by an ogre

Illustrated notes

Levels and vault maps discovered:
D:1:      lemuel_arrival_cross, layout_basic, chequers_serial_rivers_marsh,
          minivault_23
D:2:      layout_rooms, ebering_ecumenical_altar_petrified, basic_altar
D:3:      layout_basic, dk_xom_monty_hall, general_overflow_altar, uniq_sigmund,
          uniq_robin, uniq_natasha, uniq_grinder, uniq_ijyb

Skill      XL: |  1  2  3  4 |
---------------+-------------+-----
Shields        | 4 |  4.3
Maces & Flails | 3 |  3.3
Armour         | 4 |  4.0
Fighting       | |  3.9

Action                     |  1- 3 |  4- 6 || total
---------------------------+-------+-------++-------
  Melee: Flail             |    91 |    81 ||   172
 Armour: Scale mail        |    54 |    62 ||   116
  Dodge: Dodged            |    42 |    42 ||    84
  Block: Buckler           |    26 |    20 ||    46
